 Dungeon Crawl Stone Soup version 0.29-a0-775-g4d7333d4e2 (webtiles) character file.

Game seed: 3138460655434391889

2926 zeratav the Ruffian (level 9, -16/88 HPs)
             Began as a Troll Fighter on July 1, 2022.
             Was an Initiate of Ru.
             Demolished by an orc warlord
             ... wielding a +0 war axe
              (20 damage)
             ... in a bailey.
             The game lasted 00:11:14 (7352 turns).

zeratav the Ruffian (Troll Fighter)                 Turns: 7352, Time: 00:11:14

Health: -16/88     AC:  7    Str: 30    XL:     9   Next: 50%
Magic:  8/8        EV: 12    Int:  4    God:    Ru [......]
Gold:   477        SH:  8    Dex:  9    Spells: 8/8 levels left

rFire   . . .      SeeInvis .     - Unarmed
rCold   . . .      Faith    +   b - +0 kite shield
rNeg    . . .      Spirit   .   a - +0 robe
rPois   .          Reflect  .   q - +2 hat
rElec   .          Harm     .   g - +0 cloak
rCorr   .          Rampage  .   (gloves unavailable)
Will    .....                   (boots unavailable)
Stlth   +.........              e - amulet of faith {!P}
HPRegen 1.04/turn               J - +4 ring of evasion
MPRegen 0.11/turn               (no ring)

@: mighty
A: large, unfitting armour, claws 3, regeneration 1, shaggy fur 1, tough skin 1
a: Renounce Religion


You were in a bailey.
You worshipped Ru.
Ru was noncommittal.
You visited 2 branches of the dungeon, and saw 9 of its levels.
You also visited: Sewer and Bailey.

You collected 488 gold pieces.
You spent 11 gold pieces at shops.


Innate Abilities, Weirdness & Mutations

You are too large for most types of armour.
You have claws for hands.
Your natural rate of healing is unusually fast.
You are covered in fur. (AC +1)
You have tough skin. (AC +1)


   Skills:
 + Level 5.6 Fighting
 + Level 6.5 Throwing
 - Level 2.4 Dodging
 + Level 5.9 Shields
 + Level 7.5 Unarmed Combat


You had 8 spell levels left.
You didn't know any spells.
Your spell library contained the following spells:

 Spells                   Type           Power      Damage    Failure   Level
 Gell's Gravitas          Tloc           0%         N/A       98%         3
 Teleport Other           Tloc           0%         N/A       98%         3
 Hailstorm                Conj/Ice       0%         3d3       100%        4
 Ice Form                 Ice/Tmut       0%         N/A       100%        4
 Dispersal                Tloc           0%         N/A       100%        6
 Simulacrum               Ice/Necr       0%         N/A       100%        6

Inventory:

Hand Weapons
 k - a +0 sling
   (You found it on level 1 of the Dungeon)
Missiles
 v - 12 boomerangs (quivered) {throwing}
 B - 4 javelins {throwing}
 L - 5 poisoned darts {throwing}
Armour
 a - a +0 robe (worn)
 b - a +0 kite shield (worn)
 g - a +0 cloak (worn)
   (You found it on level 1 of the Dungeon)
 q - a +2 hat (worn)
   (You found it on level 3 of the Dungeon)
Jewellery
 e - an amulet of faith (around neck) {!P}
   (You found it on level 1 of the Dungeon)
 F - an amulet of the acrobat
   (You found it on level 5 of the Dungeon)
 J - a +4 ring of evasion (left claw)
   (You found it on level 6 of the Dungeon)
Wands
 l - a wand of mindburst (14)
   (You found it on level 2 of the Dungeon)
 s - a wand of digging (3)
   (You found it on level 3 of the Dungeon)
 H - a wand of flame (6)
   (You found it on level 5 of the Dungeon)
Scrolls
 h - a scroll of noise {unknown}
 i - 10 scrolls of identify {unknown}
 j - 2 scrolls of fear {unknown}
 n - a scroll of acquirement {unknown}
 r - 2 scrolls of teleportation {unknown}
 u - 3 scrolls of fog {unknown}
 w - a scroll of immolation {unknown}
 x - a scroll of amnesia {unknown}
 y - 3 scrolls of enchant weapon {unknown}
 C - 3 scrolls of magic mapping {unknown}
 D - 2 scrolls of blinking {unknown}
 G - a scroll of vulnerability {unknown}
 I - a scroll of poison {unknown}
Potions
 c - 2 potions of might
 d - 4 potions of attraction {unknown}
 f - a potion of cancellation {unknown}
 m - 2 potions of heal wounds {unknown}
 o - 7 potions of curing {unknown}
 p - 3 potions of mutation {unknown}
 t - a potion of ambrosia {unknown}
 z - 2 potions of flight {unknown}
 A - 2 potions of haste {unknown}
 E - 2 potions of invisibility {unknown}
 M - a potion of magic {unknown}
 N - a potion of resistance {unknown}
 O - 2 potions of brilliance {unknown}

Dungeon Overview and Level Annotations

Branches:
Dungeon (8/15) Zot: 26952  Temple (1/1) D:7 Zot: 5991   Sewer (visited)
 Bailey (1/1) Zot: 5570
   Lair: D:8-11

Altars:
Ashenzari
Cheibriados
Dithmenos
Elyvilon
Fedhas
Hepliaklqana
Kikubaaqudgha
Makhleb
Nemelex Xobeh
Qazlal
Ru
Sif Muna
Uskayaw
Vehumet
Xom
Yredelemnul
Zin
The Shining One

Shops:
D:1 ![

Annotations:
D:2 Sigmund

##......##≈≈≈#≈≈≈####......##
.##.....#≈=.....≈#≈≈#.....##
..##....#≈?........≈#....##
...#....##8.8...8.8≈##(..#
...'.....#.........≈≈'...#
...')....#....∩....≈≈'...#
...'.÷...#.........≈≈'...#
...#.)..##8.8...8.8≈##...#
..##....#≈!.....@o(≈#....##
.##...).#≈).....≈#≈≈#.....##
##.....)##≈≈≈#≈≈≈####).....##
#........#########......8...#
#..8..8..))'.....'..........#
#..........#≈≈≈≈≈#..........#
##.........#≈≈≈≈≈#...8..8..##
##...8...##≈≈≈≈≈##.......##
##.....##.......##.....##


You could see an orc warlord.


Message History

The orc warlord seems to slow down.
You hear a splash.
Aiming: Mindburst
Press: ? - help, Q - select action, (/) - cycle Shift-Dir - straight line, f/p - orc warlord
Aim: an orc warlord, wielding a +0 war axe and wearing a +0 scale mail (lightly wounded, very poisoned, slow, fire blocked by a granite statue, chance to affect: 29%)
Okay, then.
Throw: 9 darts (poison) {throwing}
Press: ? - help, Q - select action, (/) - cycle Shift-Dir - straight line, f/p - orc warlord
Aim: an orc warlord, wielding a +0 war axe and wearing a +0 scale mail (lightly wounded, very poisoned, slow, 64% to hit)
You throw a poisoned dart {throwing}.
The poisoned dart {throwing} hits the orc warlord.
The orc warlord looks even sicker.
Throw: 8 darts (poison) {throwing}
Press: ? - help, Q - select action, (/) - cycle Shift-Dir - straight line, f/p - orc warlord
Aim: an orc warlord, wielding a +0 war axe and wearing a +0 scale mail (lightly wounded, very poisoned, slow, 64% to hit)
You throw a poisoned dart {throwing}.
The poisoned dart {throwing} hits the orc warlord!
The orc warlord looks as sick as possible!
Items here: )) [[ ÷.
Throw: 7 darts (poison) {throwing}
Press: ? - help, Q - select action, (/) - cycle Shift-Dir - straight line, f/p - orc warlord
Aim: an orc warlord, wielding a +0 war axe and wearing a +0 scale mail (moderately wounded, very poisoned, 64% to hit)
You throw a poisoned dart {throwing}.
The poisoned dart {throwing} hits the orc warlord.
There is an open door here.
Things that are here:
a +0 hand axe {axe}; a +0 leather armour Throw: 6 darts (poison) {throwing}
Press: ? - help, Q - select action, (/) - cycle Shift-Dir - straight line, f/p - orc warlord
Aim: an orc warlord, wielding a +0 war axe and wearing a +0 scale mail (moderately wounded, very poisoned, 64% to hit)
You throw a poisoned dart {throwing}.
The poisoned dart {throwing} hits the orc warlord.
The orc warlord looks even sicker.
There is an open door here.
Things that are here:
a +0 hand axe {axe}; a +0 leather armour; an orc skeleton
Things that are here:
a +0 war axe {axe}; a +0 scale mail
Things that are here:
a +4 hand axe {axe}; a +0 leather armour
There is an open door here.
There is an open door here.
Things that are here:
a +0 hand axe {axe}; a +0 leather armour
There is an open translucent gate here.
You enter the shallow water.
Moving in this stuff is going to be slow.
K - a curare-tipped dart {=fthrowing}
There are no items here.
Unknown command.
You see here a poisoned dart {throwing}.
You see here a poisoned dart {throwing}.
Throw: dart (curare) {=fthrowing}
Press: ? - help, Q - select action, (/) - cycle Shift-Dir - straight line, f/p - orc warlord
Aim: an orc warlord, wielding a +0 war axe and wearing a +0 scale mail (moderately wounded, 64% to hit)
You throw a curare-tipped dart {=fthrowing}.
The curare-tipped dart {=fthrowing} barely misses the orc warlord.
You scratch the orc warlord but do no damage.
The orc warlord suddenly jeers.
The orc warlord closely misses you.
You scratch the orc warlord but do no damage.
The orc warlord hits you with a +0 war axe!!
HP[-35]
You take 35 damage, and now have 53/88 hp.
MASSIVE DAMAGE!! (PAUSE)
You scratch the orc warlord but do no damage.
The orc warlord closely misses you.
HP[+1]
You feel very mighty all of a sudden. You block the orc warlord's attack.
HP[+1]
You claw the orc warlord!
The orc warlord hits you with a +0 war axe!!
* * * LOW HITPOINT WARNING * * *
HP[-22]
You take 22 damage, and now have 33/88 hp.
MASSIVE DAMAGE!! (PAUSE)
You scratch the orc warlord but do no damage.
You block the orc warlord's attack.
HP[+1]
You barely miss the orc warlord.
The orc warlord hits you with a +0 war axe!
* * * LOW HITPOINT WARNING * * *
HP[-16]
You take 16 damage, and now have 18/88 hp.
You barely miss the orc warlord.
The orc warlord hits you with a +0 war axe.
* * * LOW HITPOINT WARNING * * *
HP[-4]
You take 4 damage, and now have 14/88 hp.
You claw the orc warlord! You block the orc warlord's attack.
HP[+1]
You barely miss the orc warlord.
The orc warlord hits you with a +0 war axe!
* * * LOW HITPOINT WARNING * * *
HP[-12]
You take 12 damage, and now have 3/88 hp.
You claw the orc warlord!
The orc warlord hits you with a +0 war axe!!
You die...

Skill      XL: |  1  2  3  4  5  6  7  8  9 |
---------------+----------------------------+-----
Unarmed Combat | 3 4 5 6 7 |  7.5
Throwing       | 1 2 3 4 5 6 |  6.5
Shields        | 3 4 5 |  5.9
Fighting       | 3 4 5 |  5.6
Dodging        | |  2.4

Action                   |  1- 3 |  4- 6 |  7- 9 || total
-------------------------+-------+-------+-------++-------
Melee: Unarmed           |    78 |   117 |   408 ||   603
Throw: Javelin           |       |    11 |       ||    11
       Boomerang         |       |       |     9 ||     9
       Dart              |       |       |     6 ||     6
Evoke: Wand              |       |       |     1 ||     1
  Use: Potion            |       |       |     1 ||     1
 Stab: Sleeping          |       |     1 |       ||     1
Armor: Robe              |    29 |    58 |   106 ||   193
Dodge: Dodged            |    28 |    45 |   154 ||   227
Block: Kite shield       |    35 |    41 |   163 ||   239

Levels and vault maps discovered:
D:1:      dpeg_arrival_water_altar, layout_basic, serial_shops, shop, shop,
          shop, serial_curves, eino_curves_02, eino_curves_02
D:2:      layout_loops_ring, basic_altar,
          shapermc_ecumenical_altar_mp_highgroup,
          chequers_serial_rivers_small_b, guppyfry_early_orc_mine, uniq_jessica,
          uniq_sigmund, uniq_natasha, uniq_terence
D:3:      layout_loops_ring, minmay_starry_boxes
D:4:      layout_gridville, grunt_temple_overflow_open, minmay_misc_feat_iff,
          eino_small_chamber_without_monster
D:5:      layout_loops_ring, gup_sewer_entry_bubbles, due_unseen_surprise,
          uniq_crazy_yiuf_cottage, uniq_menkaure
D:6:      layout_loops_ring, minmay_misc_feat_doors, minmay_crystal_room
D:7:      minmay_klotski, layout_basic, mainiacjoe_overflow_large_starburst,
          minmay_temple_entry_junction
D:8:      layout_loops_corners, enter_bailey_4, uniq_gastronok, uniq_maggie
Temple:   nicolae_temple_x_marks_the_god
Bailey:   bailey_axe_bossmonster_kennysheep, bailey

Notes
Turn   | Place    | Note
-------+----------+-------------------------------------------
     0 | D:1      | zeratav the Troll Fighter began the quest for the Orb.
     0 | D:1      | Reached XP level 1. HP: 22/22 MP: 0/0
     0 | D:1      | magus.rc [v1.9.6]
    43 | D:1      | Found Pualet's Armour Boutique.
   126 | D:1      | Reached XP level 2. HP: 29/29 MP: 1/1
   181 | D:1      | Found Ysunot's Armour Emporium.
   326 | D:1      | Reached skill level 3 in Unarmed Combat
   338 | D:1      | Found Diofukk's Distillery.
   611 | D:1      | You pick up a book of the Tundra and begin reading...
   611 | D:1      | You add the spells Hailstorm, Ice Form and Simulacrum to
                  | your library.
   927 | D:1      | Found a burning altar of Makhleb.
   991 | D:1      | Bought a potion of degeneration for 11 gold pieces
  1038 | D:2      | Found a hide-covered altar of Uskayaw.
  1057 | D:2      | Found a faded altar of an unknown god.
  1265 | D:2      | Noticed Sigmund
  1285 | D:2      | Reached XP level 3. HP: 32/36 MP: 2/2
  1286 | D:2      | Reached skill level 1 in Throwing
  1294 | D:2      | Noticed Jessica
  1302 | D:2      | Killed Jessica
  1446 | D:2      | Reached XP level 4. HP: 35/44 MP: 3/3
  1466 | D:2      | Noticed Terence
  1471 | D:2      | Killed Terence
  1472 | D:2      | Reached skill level 2 in Throwing
  1472 | D:2      | Reached skill level 4 in Unarmed Combat
  1570 | D:2      | Noticed Natasha
  1583 | D:2      | Killed Natasha
  1586 | D:2      | Reached XP level 5. HP: 50/50 MP: 4/4
  1741 | D:2      | You add the spells Gell's Gravitas, Teleport Other and
                  | Dispersal to your library.
  1906 | D:2      | Noticed Natasha
  1912 | D:2      | Killed Natasha
  2658 | D:4      | Reached skill level 3 in Throwing
  2847 | D:4      | Reached skill level 5 in Unarmed Combat
  2847 | D:4      | Reached XP level 6. HP: 33/59 MP: 5/5
  2940 | D:4      | Reached skill level 4 in Throwing
  3014 | D:4      | Found a shadowy altar of Dithmenos.
  3015 | D:4      | Found a shimmering altar of Xom.
  3017 | D:4      | Found a blossoming altar of Fedhas.
  3019 | D:4      | Found a broken altar of Ashenzari.
  3019 | D:4      | Found a radiant altar of Vehumet.
  3020 | D:4      | Found a hazy altar of Hepliaklqana.
  3040 | D:4      | Reached skill level 3 in Shields
  3247 | D:4      | Noticed an orc warrior
  3274 | D:4      | Killed an orc warrior
  3275 | D:4      | Reached skill level 3 in Fighting
  3279 | D:4      | Reached XP level 7. HP: 50/67 MP: 6/6
  3451 | D:5      | Entered Level 5 of the Dungeon
  3514 | D:5      | Found a glowing drain.
  3521 | Sewer    | Entered a sewer
  3770 | Sewer    | Reached skill level 4 in Shields
  4082 | D:5      | Noticed Menkaure
  4087 | D:5      | Killed Menkaure
  4088 | D:5      | Reached skill level 4 in Fighting
  4518 | D:5      | Reached XP level 8. HP: 74/78 MP: 7/7
  4627 | D:5      | Reached skill level 5 in Throwing
  4627 | D:5      | Reached skill level 6 in Unarmed Combat
  4743 | D:5      | Found a runed translucent door.
  4744 | D:5      | Noticed Crazy Yiuf
  4966 | D:5      | Killed Crazy Yiuf
  5472 | D:6      | Reached skill level 5 in Shields
  5643 | D:6      | Reached skill level 5 in Fighting
  5691 | D:6      | Reached XP level 9. HP: 88/88 MP: 8/8
  5780 | D:6      | Reached skill level 6 in Throwing
  5952 | D:7      | Found a white marble altar of Elyvilon.
  5961 | D:7      | Found a glowing silver altar of Zin.
  5979 | D:7      | Reached skill level 7 in Unarmed Combat
  6038 | D:7      | Found a staircase to the Ecumenical Temple.
  6047 | Temple   | Entered the Ecumenical Temple
  6051 | Temple   | Became a worshipper of Ru the Awakened
  6903 | D:8      | Found a flagged portal.
  6925 | Bailey   | Entered a bailey
  6930 | Bailey   | Noticed an orc warlord
  7080 | Bailey   | Found a runed translucent gate.
  7096 | Bailey   | Found a runed translucent gate.
  7098 | Bailey   | Found a runed translucent gate.
  7348 | Bailey   | HP: 18/88 [orc warlord/+0 war axe (17)]
  7351 | Bailey   | HP: 3/88 [orc warlord/+0 war axe (13)]
  7352 | Bailey   | Demolished by an orc warlord

Vanquished Creatures
  Menkaure (D:5)
  A water moccasin (D:7)
  4 orc warriors
  3 ice beasts
  A sky beast (D:7)
  3 ogres
  A phantom (D:6)
  2 kobold brigands
  A gnoll sergeant (D:6)
  4 bullfrogs
  2 scorpions (D:5)
  4 hounds
  2 jellies
  Crazy Yiuf (D:5)
  A bouda (D:6)
  An orc priest (D:6)
  Jessica (D:2)
  6 iguanas
  5 orc wizards
  Natasha (twice) (D:2)
  Terence (D:2)
  10 gnolls
  9 adders
  A shadow imp (D:6)
  A white imp (D:4)
  2 ufetubi (D:5)
  2 worms (D:5)
  A dart slug (D:3)
  29 orcs
  7 endoplasms
  8 giant cockroaches
  11 goblins
  11 hobgoblins
  A jackal (D:3)
  25 kobolds
  6 quokkas
  14 ball pythons
  8 bats
  11 frilled lizards
  3 rats
207 creatures vanquished.

Vanquished Creatures (others)
  A fungus (D:5)
1 creature vanquished.

Grand Total: 208 creatures vanquished

Table legend:
 A = Non-vault XP
 B = Vault XP
 C = Vault XP percentage of total XP
 D = Non-vault monster count
 E = Vault monster count
 F = Vault count percentage of total count
                 A         B        C        D         E       F
            +---------+---------+-------+---------+---------+-------
      Total |    3227 |     953 |  22.8 |     138 |      69 |  33.3
            +---------+---------+-------+---------+---------+-------
        D:1 |      24 |       0 |   0.0 |      15 |       0 |   0.0
        D:2 |      95 |     118 |  55.4 |      16 |      10 |  38.5
        D:3 |      30 |      11 |  26.8 |      12 |       5 |  29.4
        D:4 |     507 |       0 |   0.0 |      25 |       0 |   0.0
        D:5 |     697 |     229 |  24.7 |      20 |       8 |  28.6
        D:6 |    1184 |       0 |   0.0 |      36 |       0 |   0.0
        D:7 |     690 |       0 |   0.0 |      14 |       0 |   0.0
        D:8 |       0 |      13 | 100.0 |       0 |       5 | 100.0
      Sewer |       0 |     140 | 100.0 |       0 |      19 | 100.0
     Bailey |       0 |     442 | 100.0 |       0 |      22 | 100.0
            +---------+---------+-------+---------+---------+-------

Illustrated notes

Table legend:
 A = Kills in this place as a percentage of kills in entire the game.
 B = Kills by you in this place as a percentage of kills by you in the entire game.
 C = Kills by friends in this place as a percentage of kills by friends in the entire game.
 D = Other kills in this place as a percentage of other kills in the entire game.
 E = Experience gained in this place as a percentage of experience gained in the entire game.
 F = Experience gained in this place divided by the number of levels of this place that you have seen.
                   A       B       C       D       E      F
               +-------+-------+-------+-------+-------+----------------------
         Total | 100.0 | 100.0 |   N/A |   N/A | 100.0 | 380.0
       Dungeon |  80.2 |  80.2 |   N/A |   N/A |  86.1 | 449.8
         Sewer |   9.2 |   9.2 |   N/A |   N/A |   3.3 | 140.0
        Bailey |  10.6 |  10.6 |   N/A |   N/A |  10.6 | 442.0
               +-------+-------+-------+-------+-------+----------------------

Table legend: (Time is in decaauts)
 A = Elapsed time spent in this place.
 B = Non-inter-level travel time spent in this place.
 C = Inter-level travel time spent in this place.
 D = Time resting spent in this place.
 E = Time spent auto-exploring this place.
 F = Levels seen in this place.
 G = Mean time per level.
                   A        B        C        D        E       F      G
               +--------+--------+--------+--------+--------+-----+--------+
         Total |   7520 |   7068 |    452 |     34 |   5306 |  11 |  683.6 |
       Dungeon |   6486 |   6039 |    447 |     34 |   4818 |   8 |  810.8 |
        Temple |      8 |      4 |      4 |      0 |      0 |   1 |    8.0 |
         Sewer |    596 |    596 |      0 |      0 |    350 |   1 |  596.0 |
        Bailey |    428 |    428 |      0 |      0 |    137 |   1 |  428.0 |
               +--------+--------+--------+--------+--------+-----+--------+

Top non-repeatable levels by time:
     D:5: 1111 daAuts
     D:1: 1010 daAuts
     D:6: 1000 daAuts
     D:2: 977 daAuts
     D:4: 857 daAuts
     D:7: 848 daAuts
     D:3: 634 daAuts
   Sewer: 596 daAuts
  Bailey: 428 daAuts
     D:8: 47 daAuts
  Temple: 8 daAuts
